 Dungeon Crawl Stone Soup version 0.31.0-9-g3a7656b989 (webtiles) character file.

Game seed: 6666783499980662731

75 qw the Shooter (level 3, 0/29 HPs)
             Began as a Demigod Hunter on Feb 2, 2024.
             Slain by a kobold
             ... wielding a +0 whip
              (1 damage)
             ... in a sewer.
             The game lasted 00:00:06 (1920 turns).

qw the Shooter (Demigod Hunter)                     Turns: 1920, Time: 00:00:06

Health: 0/29       AC:  3    Str: 12    XL:     3   Next: 88%
Magic:  5/5        EV: 13    Int: 11    God:
Gold:   1104       SH:  0    Dex: 25    Spells: 2/2 levels left

rFire   . . .        a - +0 shortbow
rCold   . . .        (shield currently unavailable)
rNeg    . . .        c - +1 robe "Cehohua" {rCorr Dex+4}
rPois   .            (no helmet)
rElec   .            (no cloak)
rCorr   +            (no gloves)
SInv    .            (no boots)
Will    .....        (no amulet)
Stlth   ++           (no ring)
HPRegen 0.24/turn    (no ring)
MPRegen 0.09/turn

%: no passive effects
@: no status effects
A: high MP 1, forlorn, divine attributes
a: no special abilities


You were in a sewer.
You visited 1 branch of the dungeon, and saw 3 of its levels.
You also visited: Sewer.

You collected 1104 gold pieces.


Innate Abilities, Weirdness & Mutations

You have an increased reservoir of magic. (+10% MP)
You shall have no god before yourself.
Your divine heritage dramatically boosts your attributes as you level up.


   Skills:
 - Level 2.0 Fighting
 - Level 5.0 Ranged Weapons
 + Level 2.1 Dodging
 - Level 0.8 Stealth


You had 2 spell levels left.
You didn't know any spells.
Your spell library was empty.

Inventory:

Hand Weapons
 a - a +0 shortbow (weapon)
Armour
 c - the +1 robe "Cehohua" (worn) {rCorr Dex+4}
   (You found it on level 2 of the Dungeon)

   Dex+4:     It affects your dexterity (+4).
   rCorr:     It protects you from acid and corrosion.
Wands
 g - a wand of digging (4)
Potions
 b - a potion of heal wounds {unknown}
 d - a potion of lignification {unknown}
 e - 2 potions of mutation {unknown}
 f - a potion of degeneration {unknown}

Dungeon Overview and Level Annotations

Branches:
Dungeon (3/15)              Sewer (1/1)


Message History

The kobold barely misses you. The kobold closely misses you.
The kobold barely misses you.
You shoot an arrow.
The arrow hits the kobold but does no damage.
The kobold is moderately wounded.
The kobold hits you with a +0 whip. The kobold closely misses you.
The kobold hits you but does no damage.
The kobold hits you with a +0 short sword.
The kobold hits you but does no damage. The kobold hits you with a +0 whip.
The kobold hits you with a +0 dagger.
You shoot an arrow. The arrow hits the kobold.
The kobold is heavily wounded.
The kobold misses you. The kobold hits you with a +0 dagger.
The kobold hits you with a +0 whip. The kobold misses you.
You shoot an arrow. The arrow closely misses the kobold.
The kobold barely misses you. x2; The kobold hits you with a +0 whip.
The kobold closely misses you.
You shoot an arrow. The arrow misses the kobold.
The kobold barely misses you. The kobold hits you with a +0 dagger.
The kobold hits you with a +0 whip. The kobold hits you with a +0 dagger.
The kobold splashes around in the water.
You shoot an arrow. The arrow closely misses the kobold.
The kobold misses you. x3
The kobold splashes around in the water.
You shoot an arrow. The arrow hits the kobold.
The kobold is severely wounded.
The kobold closely misses you. The kobold hits you with a +0 whip.
The kobold barely misses you. The kobold hits you but does no damage.
You shoot an arrow. The arrow hits the kobold!
You kill the kobold!
The kobold closely misses you. The kobold hits you with a +0 dagger.
The kobold splashes around in the water.
The kobold hits you with a +0 club. The kobold closely misses you.
The kobold barely misses you.
You shoot an arrow.
The arrow hits the kobold but does no damage.
The kobold splashes around in the water.
The kobold hits you but does no damage. The kobold closely misses you.
The kobold hits you with a +0 whip.
You die...

~~~ ~~ ~~~ ~~~
~#######~##############
~~P..P~P~~P~P.~~~#.!..#
P~...~~~~~~....~KK.!\.#
~.......~~P...~~@K!...#
................K#....#
................## ####
................#
......P.......###
..........#####
#..####.### #### ###


You could see 4 kobolds.

Vanquished Creatures
  An adder (D:2)
  2 ribbon worms (D:2)
  3 dart slugs
  6 endoplasms
  4 giant cockroaches
  4 goblins
  3 hobgoblins
  3 quokkas (D:1)
  A ball python (D:3)
  4 bats
  4 frilled lizards
  13 kobolds
  5 rats
53 creatures vanquished.

Notes
Turn   | Place    | Note
-------+----------+-------------------------------------------
     0 | D:1      | qw the Demigod Hunter began the quest for the Orb.
     0 | D:1      | Reached XP level 1. HP: 17/17 MP: 3/3
     0 | D:1      | 0 ||| qw: Version: 0.3-a-155-g5e7d8dd
     0 | D:1      | 0 ||| qw: Game counter: 476
     0 | D:1      | 0 ||| qw: Melee chars always use a shield: true
     0 | D:1      | 0 ||| qw: God list: Okawaru
     0 | D:1      | 0 ||| qw: Allow faded altars: false
     0 | D:1      | 0 ||| qw: Do Orc after clearing Dungeon:15 true
     0 | D:1      | 0 ||| qw: Do second Lair branch before Depths: true
     0 | D:1      | 0 ||| qw: Lair rune preference: random
     0 | D:1      | 0 ||| qw: Goals: Normal
     0 | D:1      | 0 ||| PLANNING D:1-11
    48 | D:1      | Reached skill level 4 in Ranged Weapons
   111 | D:1      | Reached XP level 2. HP: 24/24 MP: 4/4
   821 | D:1      | 821 ||| UPGRADING to +0 ring mail.
   831 | D:1      | 831 ||| DROPPING +0 leather armour.
   832 | D:1      | 832 ||| READING scroll labelled IGIUSI ELIPP.
   876 | D:1      | 876 ||| READING scroll labelled MOEMIA DOSHUMM.
   876 | D:1      | Identified a scroll of acquirement
   876 | D:1      | 876 ||| ACQUIRING 927 gold pieces
   876 | D:1      | Acquired 927 gold pieces
   878 | D:1      | 878 ||| DROPPING scroll of butterflies.
   965 | D:2      | Reached XP level 3. HP: 28/29 MP: 5/5
   989 | D:2      | Identified the +1 robe "Cehohua" {rCorr Dex+4}
  1616 | D:2      | 1616 ||| UPGRADING to +1 robe "Cehohua" {rCorr Dex+4}.
  1626 | D:2      | 1626 ||| DROPPING +0 ring mail.
  1627 | D:2      | 1627 ||| READING scroll labelled ASCHYRAICSY.
  1628 | D:2      | 1628 ||| READING scroll labelled JOOBRI YDEM.
  1678 | D:3      | 1678 ||| PLANNING SEWER
  1679 | D:3      | Found a glowing drain.
  1693 | Sewer    | Entered a sewer
  1742 | Sewer    | HP: 7/29 [kobold/+0 short sword (1)]
  1747 | Sewer    | Reached skill level 5 in Ranged Weapons
  1918 | Sewer    | HP: 4/29 [kobold/+0 whip (4)]
  1919 | Sewer    | HP: 1/29 [kobold/+0 club (2)]
  1920 | Sewer    | Slain by a kobold

Levels and vault maps discovered:
D:1:      psy_arrival_statuary, layout_loops_cross, hex_medium,
          roderic_lattice_a
D:2:      layout_loops_corners, hangedman_decor_opposing,
          dreamdust_wishing_well, minmay_stone_trees_small
D:3:      minmay_goblin_kobold_castle, layout_rooms, good_gods_mini_temple,
          cheibrodos_sewer_entry_drain, serial_shops,
          nicolae_shop_advertising_works [nicolae_subvault_shop_adworks],
          nicolae_ecumenical_lake_church
Sewer:    kennysheep_pipe_town

Skill      XL: |  1  2  3 |
---------------+----------+-----
Ranged Weapons | 4 5 |  5.0
Fighting       | 2 |  2.0
Dodging        | 2 |  2.1
Stealth        | |  0.8

Action                     || total
---------------------------++-------
   Fire: Shortbow          ||   127
    Use: Scroll            ||     4
 Armour: Ring mail         ||    11
         Leather armour    ||     2
         Robe              ||    40
  Dodge: Dodged            ||    60

Table legend:
 A = Non-vault XP
 B = Vault XP
 C = Vault XP percentage of total XP
 D = Non-vault monster count
 E = Vault monster count
 F = Vault count percentage of total count
                 A         B        C        D         E       F
            +---------+---------+-------+---------+---------+-------
      Total |      85 |      23 |  21.3 |      37 |      16 |  30.2
            +---------+---------+-------+---------+---------+-------
        D:1 |      36 |       0 |   0.0 |      19 |       0 |   0.0
        D:2 |      45 |       0 |   0.0 |      17 |       0 |   0.0
        D:3 |       4 |       1 |  20.0 |       1 |       1 |  50.0
      Sewer |       0 |      22 | 100.0 |       0 |      15 | 100.0
            +---------+---------+-------+---------+---------+-------
